cohdb
Replays
Latest Replays
All Replays
Popular Replays
Top Player Replays
Match Explorer
How It Works
Community
CoH3 Stats
Reddit
Sign in to upload your games and track your stats! →
Sign in with Steam
Match 40841313
Unlisted
Match 40841313
Overview
Messages
Build Orders
End
Construct Infanterie Kompanie
Pioneer Squad
Selects Terror Battlegroup
Grenadier Squad
MG 42 Machine Gun Team
Grenadier Squad
Construct Panzergrenadier Kompanie
Panzergrenadier Squad
Support Elements
Selects Machine Gun Camouflage
Panzergrenadier Squad
StuG III G Assault Gun
Selects Defend the Fatherland
Medical Station
Nebelwerfer 42 Rocket Launcher Team
Pak 40 Anti-tank Gun Team
Construct Panzer Kompanie
Stoßtruppen Squad
Selects King Tiger Heavy Tank
Stoßtruppen Squad
King Tiger Heavy Tank
Panzer Officer Quarters
Selects Contempt for the Weak
Selects Propaganda Leaflet Drop
BananaInPajamas
Haxses
BeerGrills
bobik
0
0
Comments
sign in to comment!
No comments posted yet!